AoeStats
← pedro25043589

Arabia

510739217Analyzed
1v1 RM · 14h ago on Oct 2, 2026· 22m 12s· 2 players
Game mode
Random Map
Map size
Tiny (2 player)
Population
200
Speed
Normal
Resources
Standard
Victory
Conquest
Starting age
Dark Age
Ending age
Imperial Age
RankedLock teamsTeams togetherTeam positionsShared explorationLock speedFull tech treeHidden civsTurbo modeCheats
Victory
Defeat
🇩🇪 Malay · Germany
866
+14
🇲🇽 Cumans · Mexico
825
-37
pedro25043589
5:04 Loom
13:13 Feudal Age
14:59 Wheelbarrow
FcpN
8:02 Loom
10:10 Feudal Age
15:20 Fletching
17:54 Padded Archer Armor
17:48 Double-Bit Axe
23:39 Castle Age
Connection lost

Rejoining the realm…

Still unreachable

The connection could not be restored.

Session expired

The server has moved on; the page needs a fresh start.